 Dungeon Crawl Stone Soup version 0.30-a0-458-g86641cc369 (webtiles) character file.

Game seed: 6004703882527859232

66 Monkooky the Sneak (level 4, 0/38 HPs)
             Began as a Ghoul Delver on Dec 15, 2022.
             Slain by an orc
             ... wielding a +0 mace
              (5 damage)
             ... on level 3 of the Dungeon.
             The game lasted 00:02:34 (2272 turns).

Monkooky the Sneak (Ghoul Delver)                   Turns: 2272, Time: 00:02:35

Health: 0/38       AC: 10    Str: 17    XL:     4   Next: 15%
Magic:  3/3        EV:  5    Int:  5    God:
Gold:   173        SH:  0    Dex: 10    Spells: 3/3 levels left

rFire   . . .      SeeInvis .      - Unarmed
rCold   + . .      Faith    .    (no shield)
rNeg    + + +      Spirit   .    n - +0 plate armour
rPois   ∞          Reflect  .    (no helmet)
rElec   .          Harm     .    (no cloak)
rCorr   .          Rampage  .    (no gloves)
Will    .....                    (no boots)
Stlth   ..........               (no amulet)
HPRegen 0.00/turn                (no ring)
MPRegen 0.08/turn                (no ring)

@: inhibited regen
A: claws 1, cold resistance 1, negative energy resistance 3, inhibited
regeneration, torment resistance 2, devour on kill
a: no special abilities


You were on level 3 of the Dungeon.
You visited 1 branch of the dungeon, and saw 5 of its levels.

You collected 173 gold pieces.

Inventory:

Armour
 a - a +0 leather armour
 n - a +0 plate armour (worn)
Jewellery
 k - a ring of magical power
Wands
 f - a wand of digging (3)
Scrolls
 b - a scroll of fog
 c - 2 scrolls of magic mapping
 d - a scroll of fear
 i - a scroll of amnesia {unknown}
 m - 2 scrolls of enchant armour {unknown}
 o - a scroll of teleportation {unknown}
 p - a scroll of identify {unknown}
 q - a scroll of noise {unknown}
Potions
 e - a potion of haste
 g - 3 potions of curing {unknown}
 h - 3 potions of ambrosia {unknown}
 j - a potion of degeneration {unknown}
 l - a potion of attraction {unknown}


   Skills:
 - Level 3.3 Fighting
 - Level 1.8 Dodging
 - Level 5.5 Stealth
 + Level 4.6 Unarmed Combat


You had 3 spell levels left.
You didn't know any spells.
Your spell library contained the following spells:

 Spells                   Type           Power      Damage    Failure   Level
 Blink                    Tloc           0%         N/A       100%        2
 Momentum Strike          Conj/Tloc      0%         3d8       100%        2
 Lesser Beckoning         Tloc           0%         N/A       100%        3
 Summon Guardian Golem    Hex/Summ       0%         N/A       100%        3
 Orb of Destruction       Conj           0%         9d5       100%        7
 Spellforged Servitor     Conj/Summ      0%         N/A       100%        7


Dungeon Overview and Level Annotations

Branches:
Dungeon (5/15)
 Temple: D:4-7

Altars:

Shops:
D:2 [


Innate Abilities, Weirdness & Mutations

You are immune to poison.
You have sharp fingernails.
Your flesh is cold resistant. (rC+)
You are immune to negative energy. (rN+++)
You do not regenerate when monsters are visible.
You are immune to unholy pain and torment.
You thrive by killing the living.


Message History

You are too confused!
You are too confused!
You are too confused!
You are too confused!
You are too confused!
You are too confused!
You are too confused!
You are too confused!
You are too confused!
You are too confused!
You are too confused!
You are too confused!
You are too confused!
Unknown command.
You miss the rat. The rat barely misses you. The orc completely misses you.
Something hits you.
You hear some strange, mumbled words.
A puff of flame appears from out of thin air!
The puff of flame hits you! The rat bites you but does no damage.
You closely miss the orc. The orc hits you with a +0 mace.
The orc completely misses you.
You hear some strange, mumbled words.
A puff of flame appears from out of thin air!
The puff of flame hits you.
* * * LOW HITPOINT WARNING * * *
The rat bites you but does no damage.
You scratch something. The rat closely misses you.
Something hits you but does no damage. The orc hits you with a +0 mace.
* * * LOW HITPOINT WARNING * * *
The orc completely misses you.
You scratch the orc.
The orc is severely wounded.
You closely miss something.
You feel less confused. The rat bites you but does no damage.
The orc hits you but does no damage. Something hits you but does no damage.
The orc closely misses you.
You scratch something. The rat bites you but does no damage.
Something hits you but does no damage. The orc hits you with a +0 mace.
You die...

..........# . #..
..........# .. ##.
..........# ..##.
..........# .....
..........# ..##.
..........# . ##.
.?......).## #..
.......oo..## ##..
..>....@r...## ##...
........{....#######....
........................
........................
....[...................
........................
........................
.............>..........
.......................


You could see 2 orcs and a rat.

Vanquished Creatures
  2 dart slugs
  6 orcs (D:3)
  3 endoplasms
  3 giant cockroaches
  5 hobgoblins
  7 jackals (D:1)
  4 quokkas
  4 ball pythons
  3 bats
  A frilled lizard (D:1)
  3 goblins
  5 kobolds
  A rat (D:2)
47 creatures vanquished.

Notes
Turn   | Place    | Note
-------+----------+-------------------------------------------
     0 | D:5      | Monkooky the Ghoul Delver began the quest for the Orb.
     0 | D:5      | Reached XP level 1. HP: 19/19 MP: 0/0
   286 | D:1      | Reached XP level 2. HP: 18/26 MP: 1/1
   750 | D:1      | Reached XP level 3. HP: 29/31 MP: 2/2
  1212 | D:2      | Found Ungoah's Armour Emporium.
  1806 | D:3      | Reached XP level 4. HP: 22/38 MP: 3/3
  2272 | D:3      | Slain by an orc

Illustrated notes

Levels and vault maps discovered:
D:1:      lightli_iron_boxes, layout_loops_ring, minmay_pentomino_p4
D:2:      layout_loops_ring, serial_shops, nicolae_shop_waterfront,
          chequers_serial_rivers_small_a
D:3:      layout_basic, tgw_trog
D:4:      layout_loops_ring, temple_hall, kennysheep_generic_room_12
D:5:      layout_basic, serial_shops, shop

Skill      XL: |  1  2  3 |
---------------+----------+-----
Unarmed Combat | 3 4 |  4.6
Fighting       | |  3.3
Dodging        | |  1.8
Stealth        | |  5.5

Action                   |  1- 3 |  4- 6 || total
-------------------------+-------+-------++-------
Melee: Unarmed           |   133 |    23 ||   156
       Punch             |     1 |       ||     1
 Stab: Sleeping          |     3 |       ||     3
Armor: Leather armour    |    23 |       ||    23
       Plate armour      |    38 |    22 ||    60
Dodge: Dodged            |    54 |    11 ||    65

Table legend: (Time is in decaauts)
 A = Elapsed time spent in this place.
 B = Non-inter-level travel time spent in this place.
 C = Inter-level travel time spent in this place.
 D = Time resting spent in this place.
 E = Time spent auto-exploring this place.
 F = Levels seen in this place.
 G = Mean time per level.
                   A        B        C        D        E       F      G
               +--------+--------+--------+--------+--------+-----+--------+
         Total |   2263 |   2132 |    131 |     85 |   1635 |   5 |  452.6 |
       Dungeon |   2263 |   2132 |    131 |     85 |   1635 |   5 |  452.6 |
               +--------+--------+--------+--------+--------+-----+--------+

Top non-repeatable levels by time:
     D:2: 742 daAuts
     D:1: 714 daAuts
     D:3: 667 daAuts
     D:4: 84 daAuts
     D:5: 54 daAuts
